 Dungeon Crawl Stone Soup version 0.22-a0-756-gc33bbe721d (webtiles) character file.

93234 GordonOverkill the Fencer (level 16, -1/138 HPs)
             Began as a Barachi Skald on July 16, 2018.
             Was a High Priest of Okawaru.
             Killed from afar by an efreet (19 damage)
             ... with a fireball
             ... on level 1 of the Abyss.
             The game lasted 01:12:23 (40485 turns).

GordonOverkill the Fencer (Barachi Skald)          Turns: 40485, Time: 01:12:24

Health: -1/138     AC: 23    Str: 16 (17) XL:     16   Next: 8%
Magic:  30/30      EV: 17    Int: 12 (13) God:    Okawaru [*****.]
Gold:   1924       SH:  0    Dex: 12 (13) Spells: 18/19 levels left

rFire    . . .     SeeInvis .   p - +6 long sword of the Establishment {flame, rPois MP+9}
rCold    + . .     Gourm    .   (no shield)
rNeg     . . .     Faith    .   N - +2 plate armour {rC+}
rPois    +         Spirit   .   (helmet restricted)
rElec    .         Reflect  .   C - scarf {cloud immunity}
rCorr    .         Harm     .   m - +1 pair of gloves
MR       +....                  o - +0 pair of boots
Stlth    ..........             n - amulet of magic regeneration
HPRegen  0.33/turn              r - +3 ring of slaying
MPRegen  0.47/turn              l - +5 ring of evasion

@: heroism, slow
A: +LOS, swims, antennae 1, [blurry vision 1], clumsy 1, deterioration 1,
slowness 1, strong legs 2
a: Hop, Heroism, Finesse, Renounce Religion


You were on level 1 of the Abyss.
You worshipped Okawaru.
Okawaru was extremely pleased with you.
You were full.

You visited 4 branches of the dungeon, and saw 24 of its levels.
You visited the Abyss 1 time.
You also visited: Ice Cave.

You collected 1924 gold pieces.

Inventory:

Hand Weapons
 p - the +6 long sword of the Establishment (weapon) {flame, rPois MP+9}
   (You found it on level 1 of the Lair of Beasts)

   It has been specially enchanted to burn those struck by it, causing extra
   injury to most foes and up to half again as much damage against particularly
   susceptible opponents.
   Big, fiery blades are also staple armaments of hydra-hunters.
   It protects you from poison.
   It affects your magic capacity (+9).
 u - the +5 long sword "Icecw" {chaos, rPois MR+}
   (Okawaru gifted it to you on level 1 of the Lair of Beasts)

   Each time it hits an enemy it has a different, random effect.
   It protects you from poison.
   It affects your resistance to hostile enchantments.
 M - a +2 great sword
Armour
 a - the +1 ice dragon scales "Soppeull" {rElec rF- rC++}
   (You found it in an ice cave)

   It makes you vulnerable to fire.
   It greatly protects you from cold.
   It insulates you from electricity.
 m - a +1 pair of gloves (worn)
 o - a +0 pair of boots (worn)
 C - a scarf of cloud immunity (worn)
 N - a +2 plate armour of cold resistance (worn)
Jewellery
 l - a +5 ring of evasion (right hand)
 n - an amulet of magic regeneration (around neck)
 r - a +3 ring of slaying (left hand)
 y - an uncursed ring of see invisible
 E - an uncursed ring of protection from fire
Wands
 b - a wand of iceblast (22)
 i - a wand of disintegration (8)
 k - a wand of polymorph (15)
 s - a wand of enslavement (17)
 t - a wand of paralysis (7)
 x - a wand of scattershot (6)
 K - a wand of flame (19)
Scrolls
 c - 4 scrolls of teleportation
 e - 13 scrolls of remove curse
 f - a scroll of amnesia
 j - 5 scrolls of identify
 z - 3 scrolls of enchant weapon
 D - 2 scrolls of blinking
 F - 3 scrolls of magic mapping
 G - 5 scrolls of fog
 H - a scroll of enchant armour
 J - 2 scrolls of fear
Potions
 g - 2 potions of curing
 h - 3 potions of flight
 q - a potion of magic
 v - a potion of might
 w - a potion of agility
 A - 2 potions of brilliance
 B - 2 potions of invisibility
Comestibles
 d - 38 rations


   Skills:
 - Level 16.0(21.0) Fighting
 - Level 20.0(25.0) Long Blades
 - Level 11.0(16.0) Armour
 + Level 12.2(17.2) Dodging
 - Level 2.1 Spellcasting
 - Level 3.2 Charms
 - Level 7.0 Invocations
 - Level 5.0 Evocations


You had 18 spell levels left.
You knew the following spells:

 Your Spells              Type           Power        Failure   Level  Hunger
a - Infusion              Chrm           #...         75%         1    ##.....

Your spell library contained the following spells:

 Spells                   Type           Power        Failure   Level  Hunger
 Animate Dead             Necr           N/A          100%        4    #####..
 Pain                     Necr           #...         99%         1    ##.....
 Animate Skeleton         Necr           N/A          99%         1    ##.....
 Vampiric Draining        Necr           #.........   100%        3    ####...
 Regeneration             Chrm/Necr      #.........   100%        3    ####...
 Recall                   Summ/Tloc      N/A          100%        3    ####...
 Death Channel            Necr           #.........   100%        6    #######
 Simulacrum               Ice/Necr       #.........   100%        6    #######
 Shroud of Golubria       Chrm/Tloc      #.........   98%         2    ###....
 Song of Slaying          Chrm           #.......     87%         2    ###....
 Spectral Weapon          Hex/Chrm       #.......     100%        3    ####...
 Borgnjor's Vile Clutch   Necr/Erth      #.........   100%        5    ######.


Dungeon Overview and Level Annotations

Branches:
Dungeon (15/15)            Temple (1/1) D:6            Lair (6/6) D:8
 Shoals (0/4) Lair:2        Snake (0/4) Lair:4        Slime (0/5) Lair:5
    Orc (2/2) D:12         Vaults (0/5) D:13         Depths (0/5) D:15
    Elf: Orc:2

Altars:
Ashenzari
Cheibriados
Dithmenos
Elyvilon
Fedhas
Gozag
Hepliaklqana
Kikubaaqudgha
Makhleb
Nemelex Xobeh
Okawaru
Qazlal
Ru
Sif Muna
Trog
Uskayaw
Vehumet
Wu Jian
Xom
Yredelemnul
Zin
The Shining One
Beogh
Jiyva

Shops:
D:9 [   D:12 *   Orc:1 [=(

Annotations:
D:13 2 transporters, Bapho's ghost, journeyman MfGl
Lair:2 exclusion: 2 oklob plants


Innate Abilities, Weirdness & Mutations

Shadows flee at your approach. (+LOS)
You can swim through water.
You cover ground slowly.
You can hop long distances.
You have a pair of small antennae on your head.
You are clumsy. (Dex -2)
Your body sometimes deteriorates upon taking damage.
[Scrolls take you a little longer to read.]


Message History

The efreet is severely wounded.
You hit the efreet but do no damage.
The efreet is severely wounded.
The efreet gestures at you. The bolt of fire misses you.
You hit the efreet but do no damage.
The efreet is severely wounded.
You hit the efreet but do no damage.
The efreet is severely wounded.
The efreet gestures at you. The bolt of fire hits you!
* * * LOW HITPOINT WARNING * * *
You slash the efreet!
The efreet is almost dead.
The efreet gestures at you. The bolt of fire misses you.
You feel better. The efreet gestures at you.
The fireball explodes!
The fireball engulfs you!
You die...

# .. . .
.. . ### #
.#...##
#...#.)#.#
≈
#......@##
#...#.#R#
.. . #
.###.
#≈#.. .. .
#. ≈ ..#§$
# . # ≈#
####. . .
.. . # #.#


You could see an efreet.

Vanquished Creatures
  Donald (Orc:1)
  A yaktaur captain (D:15)
  A rakshasa (Abyss:1)
  Erolcha (Orc:1)
  4 vault guards (D:13)
  4 hydras
  A death knight (D:13)
  8 centaur warriors
  11 two-headed ogres
  The ghost of Fandomethor the Basher, a journeyman GrFi of Okawaru (D:12)
  2 ogre magi
  A thrashing horror (Abyss:1)
  2 tengu warriors (D:15)
  A sixfirhy (Abyss:1)
  2 skeletal warriors (D:13)
  Pikel (D:7)
  2 unseen horrors
  A wizard (D:13)
  A wolf spider zombie (D:15)
  An orc knight (D:13)
  3 large abominations (Abyss:1)
  13 ugly things
  A deep elf mage (D:13)
  4 cyclopes
  An elephant (Lair:5)
  2 manticores
  A spectral centaur (D:12)
  An apocalypse crab (Abyss:1)
  3 ice statues (IceCv)
  4 black mambas
  16 spiny frogs
  A gargoyle (D:15)
  7 centaur skeletons
  A yaktaur (D:15)
  A rime drake (Lair:6)
  7 komodo dragons
  2 kobold demonologists
  A queen bee (Lair:1)
  3 meliai (D:14)
  7 trolls
  6 slime creatures (D:14)
  A tengu conjurer (D:15)
  5 hornets
  7 polar bears (Lair:6)
  A harpy skeleton (D:15)
  A meliai (shapeshifter) (D:15)
  A spectral meliai (D:12)
  12 hippogriffs
  11 dream sheep
  4 wyverns
  14 spriggans (Lair:6)
  2 wraiths
  2 vampires
  2 shadows
  3 ynoxinuls (Abyss:1)
  4 centaur simulacra (D:12)
  33 yaks
  4 hogs
  4 humans
  A water elemental (D:15)
  2 basilisks
  2 hungry ghosts
  3 vampire mosquitoes (D:13)
  A warg (Orc:2)
  2 nagas (Lair:4)
  A soldier ant (D:10)
  An acid dragon (D:15)
  A floating eye (D:15)
  6 water moccasins
  4 porcupines
  6 sky beasts
  An ettin simulacrum (Abyss:1)
  2 slaves (D:7)
  5 black bears
  12 ice beasts
  11 ogres
  10 orc warriors
  7 phantoms
  8 boggarts
  25 wolves
  29 centaurs
  A crocodile (shapeshifter) (D:14)
  13 crocodiles
  4 big kobolds
  15 bullfrogs
  2 gnoll sergeants
  3 small abominations (Abyss:1)
  An earth elemental (Abyss:1)
  4 scorpions
  A water moccasin skeleton (D:9)
  28 killer bees
  4 howler monkeys
  15 wights
  An electric eel (Lair:5)
  4 crimson imps
  3 bullfrog zombies
  10 hounds
  2 centaur zombies
  A quasit (D:11)
  6 bullfrog skeletons
  9 orc priests
  2 jellies
  18 orc wizards
  5 iguanas
  5 hell rats
  7 worker ants
  A hound skeleton (D:7)
  11 gnolls
  15 adders
  6 shadow imps
  12 white imps (Lair:6)
  An adder zombie (D:7)
  3 worms
  5 dart slugs
  6 leopard geckos
  84 orcs
  6 giant cockroaches
  9 hobgoblins
  17 jackals
  29 kobolds
  6 quokkas
  A ball python (D:3)
  9 bats
  8 frilled lizards
  8 goblins
  A leopard gecko skeleton (D:4)
  13 rats
798 creatures vanquished.

Vanquished Creatures (others)
  An orc (D:5)
  6 fungi
  10 plants
17 creatures vanquished.

Grand Total: 815 creatures vanquished

Notes
Turn   | Place    | Note
-------+----------+-------------------------------------------
     0 | D:1      | GordonOverkill the Barachi Skald began the quest for the Orb.
     0 | D:1      | Reached XP level 1. HP: 17/17 MP: 3/3
   393 | D:1      | Reached XP level 2. HP: 21/23 MP: 0/5
  1004 | D:1      | Reached XP level 3. HP: 20/28 MP: 6/6
  1112 | D:1      | Reached skill level 3 in Long Blades
  1764 | D:2      | Reached XP level 4. HP: 25/35 MP: 7/7
  2355 | D:2      | Reached skill level 4 in Long Blades
  2776 | D:3      | Reached XP level 5. HP: 20/42 MP: 2/8
  3036 | D:3      | Reached skill level 5 in Long Blades
  3353 | D:3      | Reached XP level 6. HP: 39/48 MP: 9/9
  3518 | D:3      | Reached skill level 6 in Long Blades
  3639 | D:3      | Gained mutation: You are clumsy. (Dex -2) [potion of mutation]
  3639 | D:3      | Gained mutation: Your body sometimes deteriorates upon taking damage. [potion of mutation]
  3639 | D:3      | Gained mutation: You have a pair of small antennae on your head. [potion of mutation]
  3983 | D:3      | Found a shattered altar of Ashenzari.
  3988 | D:3      | Saw a vision of the Shoals and the Snake Pit.
  3988 | D:3      | Noticed a naga
  3988 | D:3      | Noticed a naga
  3988 | D:3      | Noticed a naga mage
  3988 | D:3      | Noticed a naga
  3988 | D:3      | Noticed a sea snake
  3988 | D:3      | Noticed a merfolk
  3988 | D:3      | Noticed a merfolk siren
  3988 | D:3      | Noticed a sea snake
  3988 | D:3      | Noticed an anaconda
  3988 | D:3      | Noticed a naga mage
  3988 | D:3      | Noticed a black mamba
  3989 | D:3      | Noticed a black mamba
  4093 | D:3      | Reached skill level 7 in Long Blades
  4744 | D:4      | Reached skill level 8 in Long Blades
  4744 | D:4      | Reached XP level 7. HP: 44/54 MP: 1/10
  4915 | D:4      | Found a basalt altar of Yredelemnul.
  5543 | D:5      | Entered Level 5 of the Dungeon
  5641 | D:5      | Reached skill level 9 in Long Blades
  6104 | D:5      | Reached XP level 8. HP: 19/60 MP: 6/11
  6326 | D:5      | Reached skill level 10 in Long Blades
  6791 | D:5      | Reached skill level 11 in Long Blades
  7646 | D:6      | Reached skill level 12 in Long Blades
  8141 | D:6      | Reached XP level 9. HP: 58/65 MP: 6/12
  8597 | D:6      | Reached skill level 13 in Long Blades
  9320 | D:6      | Found an opulent altar of Gozag.
  9775 | D:6      | Found a staircase to the Ecumenical Temple.
  9781 | Temple   | Entered the Ecumenical Temple
  9909 | Temple   | Became a worshipper of Warmaster Okawaru
 10152 | D:7      | Reached skill level 1 in Invocations
 10359 | D:7      | Noticed Pikel
 11068 | D:7      | Reached * piety under Okawaru
 11411 | D:6      | Reached skill level 14 in Long Blades
 11568 | D:6      | Reached XP level 10. HP: 36/71 MP: 13/13
 11855 | D:6      | Reached skill level 5 in Invocations
 12118 | D:7      | Killed Pikel
 12118 | D:7      | Reached ** piety under Okawaru
 12488 | D:8      | You fall through a shaft for 3 floors!
 12616 | D:10     | Entered Level 10 of the Dungeon
 12871 | D:9      | Found Juk Ome's Armour Shoppe.
 13136 | D:8      | Found a staircase to the Lair.
 13461 | D:8      | Noticed a two-headed ogre
 13479 | D:8      | Killed a two-headed ogre
 13479 | D:8      | Reached *** piety under Okawaru
 13479 | D:8      | Reached skill level 10 in Fighting
 13479 | D:8      | Reached XP level 11. HP: 53/92 MP: 11/14
 13959 | D:8      | Found a glowing golden altar of the Shining One.
 14148 | D:8      | Noticed a two-headed ogre
 14161 | D:8      | Killed a two-headed ogre
 14894 | D:9      | Found a deep blue altar of Sif Muna.
 15401 | D:9      | Found a hide-covered altar of Uskayaw.
 15401 | D:9      | Found an ancient bone altar of Kikubaaqudgha.
 15491 | D:9      | Reached skill level 5 in Armour
 16121 | Lair:1   | Entered Level 1 of the Lair of Beasts
 16158 | Lair:1   | Got a sapphire long sword
 16159 | Lair:1   | Identified the +6 long sword of the Establishment {flame, rPois MP+9} (You found it on level 1 of the Lair of Beasts)
 16800 | Lair:1   | Reached **** piety under Okawaru
 18029 | Lair:1   | Reached ***** piety under Okawaru
 18444 | Lair:1   | Reached XP level 12. HP: 98/102 MP: 15/15
 18452 | Lair:1   | Received a gift from Okawaru
 18455 | Lair:1   | Got an ebony long sword {god gift}
 18456 | Lair:1   | Identified the +5 long sword "Icecw" {chaos, rPois MR+} (Okawaru gifted it to you on level 1 of the Lair of Beasts)
 18869 | Lair:1   | Reached skill level 15 in Long Blades
 19339 | Lair:2   | Noticed a seven-headed hydra
 19347 | Lair:2   | Killed a three-headed hydra
 19555 | Lair:2   | Found a staircase to the Shoals.
 20332 | Lair:3   | Noticed a seven-headed hydra
 20339 | Lair:3   | Killed a three-headed hydra
 20339 | Lair:3   | Reached skill level 10 in Armour
 21209 | Lair:4   | Found a staircase to the Snake Pit.
 21225 | Lair:4   | Reached skill level 16 in Long Blades
 21979 | Lair:4   | Reached skill level 5 in Dodging
 23332 | Lair:4   | Gained mutation: You can hop long distances. [Barachi growth]
 23332 | Lair:4   | Reached XP level 13. HP: 66/108 MP: 17/17
 23605 | Lair:5   | Found a staircase to the Slime Pits.
 23606 | Lair:5   | Found a viscous altar of Jiyva.
 25613 | Lair:6   | Entered Level 6 of the Lair of Beasts
 25818 | Lair:6   | Found a frozen archway.
 25833 | Lair:6   | Received a gift from Okawaru
 26125 | IceCv    | Entered an ice cave
 26274 | IceCv    | HP: 4/108 [white ugly thing (33)]
 26283 | IceCv    | Reached skill level 10 in Dodging
 27288 | IceCv    | Reached skill level 1 in Evocations
 27739 | IceCv    | Got scorched ice dragon scales
 27747 | IceCv    | Identified the cursed +1 ice dragon scales "Soppeull" {rElec rF- rC++} (You found it in an ice cave)
 28525 | Lair:6   | Reached skill level 5 in Evocations
 28733 | Lair:6   | Reached XP level 14. HP: 43/115 MP: 19/19
 31127 | D:12     | Found a runed gate.
 31128 | D:12     | Found a runed gate.
 31132 | D:12     | Found a runed gate.
 31132 | D:12     | Noticed Fandomethor's ghost (journeyman GrFi)
 31284 | D:12     | Received a gift from Okawaru
 31400 | D:12     | Found Doatz's Assorted Antiques.
 31416 | D:12     | Found a staircase to the Orcish Mines.
 31532 | D:12     | Found a roughly hewn altar of Beogh.
 31566 | D:13     | Found a transporter.
 31566 | D:13     | Found a transporter.
 31566 | D:13     | Noticed a fire giant
 31566 | D:13     | Noticed Bapho's ghost (journeyman MfGl)
 31878 | D:12     | Killed Fandomethor's ghost
 32465 | D:13     | Found a sparkling altar of Nemelex Xobeh.
 32952 | D:13     | Received a gift from Okawaru
 32965 | D:13     | Reached skill level 17 in Long Blades
 33419 | D:13     | Found a gate to the Vaults.
 33851 | D:14     | Reached XP level 15. HP: 123/127 MP: 20/20
 34046 | D:14     | Reached skill level 15 in Fighting
 35282 | D:15     | Entered Level 15 of the Dungeon
 35749 | D:14     | Reached skill level 18 in Long Blades
 37010 | D:15     | Received a gift from Okawaru
 38005 | D:15     | HP: 2/131 [two-headed ogre/giant club (13)]
 38563 | D:15     | Reached skill level 19 in Long Blades
 38672 | D:15     | Found a staircase to the Depths.
 39241 | Orc:1    | Entered Level 1 of the Orcish Mines
 39241 | Orc:1    | Found Ceicatuc's Jewellery Shoppe.
 39266 | Orc:1    | Found Inaedaewoa's Antique Weapon Boutique.
 39289 | Orc:1    | Found a roughly hewn altar of Beogh.
 39290 | Orc:1    | Noticed Erolcha
 39311 | Orc:1    | Killed Erolcha
 39399 | Orc:1    | Found Wamat's Armour Shop.
 39469 | Orc:2    | Entered Level 2 of the Orcish Mines
 39469 | Orc:2    | Noticed Donald
 39513 | Orc:1    | Killed Donald
 40000 | Orc:2    | Cast into level 1 of the Abyss (orc)
 40066 | Abyss:1  | Reached XP level 16. HP: 91/138 MP: 21/21
 40357 | Abyss:1  | Reached skill level 20 in Long Blades
 40379 | Abyss:1  | Noticed an Executioner
 40485 | Abyss:1  | Killed from afar by an efreet

Vault maps used:
D:1:      minmay_arrival_three_doors, due_unseen_surprise
D:2:      first_ration, serial_curves, eino_curves_02, eino_curves_01,
          eino_curves_01, eino_curves_03, lemuel_another_geyser
D:3:      wad_river_or_something, corexii_shack, grunt_ashenzari_visionary
D:4:      kennysheep_little_box, portal_sewer_entry_e, grunt_ministairs_7
D:6:      nicolae_gozag_cash_rules_everything_around_me,
          minmay_temple_entry_enclosed_plants, centaur_isle
D:7:      grunt_livestock, uniq_pikel
D:8:      tso_metal_star, dpeg_oklobed_lair, palyth_stone_intersect,
          serial_park_tiny_1
D:9:      nicolae_overflow_crystal_walls, gammafunk_temple_overflow_elements,
          serial_shops, shop
D:10:     hangedman_decor_peaks_small, nicolae_wwwww
D:12:     minmay_orc_entry_temple_small, gammafunk_ghost_necromancy,
          serial_shops, nicolae_shop_trees, minivault_14
D:13:     grunt_vaults_entry_fortified, basic_altar, gammafunk_ghost_arena,
          minmay_librarian
D:14:     roderic_roman_lattice, minmay_unpleasant_kobolds
D:15:     grunt_enter_depths_snipers, glass_columns_c,
          minmay_misc_feat_nine_boxes, onia_ninara_cookie
Temple:   nicolae_temple_elliptical
Lair:1:   small_statue_intersection, serial_bayou_shore_b
Lair:2:   elwin_shoals_entry_rocks, infiniplex_staircase_pool,
          minmay_lair_oklob_chamber, grunt_megastairs_5
Lair:4:   guppyfry_snake_entry_island
Lair:5:   slime_altar_1, lab_entry_generic, st_stairs_5, serial_bayou_lagoon_a,
          beast_lair_carwin_7, grunt_megastairs_4, serial_bayou_shore_b,
          serial_bayou_shore_b
Lair:6:   minmay_lair_end_enchanted_forest, portal_ice_cave_entry_imps,
          serial_bayou_pond_c
Orc:1:    serial_shops, nicolae_shop_behind_doors, shop, shop,
          nicolae_shop_trees, shop_statue, mines2_david, uniq_erolcha
Orc:2:    pubby_orc_utopia, uniq_donald
IceCv:    ice_cave_statue_garden_chambered

Skill      XL: |  1  2  3  4  5  6  7  8  9 10 11 12 13 14 15 16 |
---------------+-------------------------------------------------+-----
Armour         | 2 8 11 | 11.0
Long Blades    | 3 4 5 8 9 12 14 16 17 19 20 | 20.0
Fighting       | 3 4 10 12 14 16 | 16.0
Dodging        | 3 4 6 11 12 | 12.2
Invocations    | 4 5 6 7 |  7.0
Evocations     | 5 |  5.0
Spellcasting   | |  2.1
Charms         | |  3.2

Action                   |  1- 3 |  4- 6 |  7- 9 | 10-12 | 13-15 | 16-18 || total
-------------------------+-------+-------+-------+-------+-------+-------++-------
Melee: Falchion          |    51 |       |       |       |       |       ||    51
       Dagger            |   152 |   423 |   805 |   846 |       |       ||  2226
       Punch             |       |       |       |    14 |    15 |       ||    29
       Long sword        |       |       |       |   364 |  1481 |    54 ||  1899
 Cast: Infusion          |     4 |     7 |    11 |       |       |       ||    22
Invok: Heroism           |       |       |       |    46 |    40 |     1 ||    87
       Finesse           |       |       |       |     1 |    11 |       ||    12
 Abil: Hop               |       |     3 |     3 |     3 |    11 |     1 ||    21
Evoke: Wand              |       |       |       |     4 |     7 |       ||    11
  Use: Scroll            |       |     6 |     5 |    11 |    12 |     1 ||    35
       Potion            |       |     2 |     8 |     1 |     7 |     1 ||    19
 Stab: Invisible         |       |       |     2 |       |       |       ||     2
       Paralysed         |       |       |       |       |     2 |       ||     2
       Distracted        |       |       |       |       |       |     1 ||     1
  Eat: Chunk             |     3 |    11 |    17 |    25 |    35 |       ||    91
       Ration            |       |       |     2 |     4 |     9 |       ||    15
Armor: Leather armour    |    15 |       |       |       |       |       ||    15
       Scale mail        |    26 |   104 |    62 |       |       |       ||   192
       Skin              |       |    34 |       |       |       |       ||    34
       Chain mail        |       |       |   195 |   395 |   288 |       ||   878
       Ice dragon scales |       |       |       |       |   175 |       ||   175
       Plate armour      |       |       |       |       |   355 |    17 ||   372
Dodge: Dodged            |    73 |   147 |   183 |   308 |  1035 |    37 ||  1783
       Rpst.: Falchion   |    15 |       |       |       |       |       ||    15
       Long sword        |       |       |       |    38 |   250 |    11 ||   299

Table legend:
 A = Spawn XP
 B = Non-spawn XP
 C = Spawn XP percentage of total XP
 D = Spawn monster count
 E = Non-spawn monster count
 F = Spawn count percentage of total count
 G = Total turns spent on level
                    A         B        C        D         E        F      G
               +---------+---------+-------+---------+---------+-------+---------
         Total |    4315 |  128877 |   3.2 |      10 |     786 |   1.3 | 40485
               +---------+---------+-------+---------+---------+-------+---------
           D:1 |       0 |      42 |   0.0 |       0 |      23 |   0.0 |  1609
           D:2 |       0 |     121 |   0.0 |       0 |      22 |   0.0 |  1135
           D:3 |       0 |     391 |   0.0 |       0 |      49 |   0.0 |  1861
           D:4 |       0 |     347 |   0.0 |       0 |      20 |   0.0 |   938
           D:5 |       0 |    1058 |   0.0 |       0 |      26 |   0.0 |  1846
           D:6 |       0 |    2095 |   0.0 |       0 |      34 |   0.0 |  3434
           D:7 |       0 |    2307 |   0.0 |       0 |      30 |   0.0 |  1157
           D:8 |       0 |    3661 |   0.0 |       0 |      31 |   0.0 |  2048
           D:9 |       0 |    2124 |   0.0 |       0 |      38 |   0.0 |  1529
          D:10 |       0 |    2378 |   0.0 |       0 |      11 |   0.0 |   705
          D:11 |       0 |    5263 |   0.0 |       0 |      42 |   0.0 |  1020
          D:12 |       0 |    9665 |   0.0 |       0 |      51 |   0.0 |  1225
          D:13 |       0 |   11923 |   0.0 |       0 |      28 |   0.0 |  1799
          D:14 |       0 |   14674 |   0.0 |       0 |      63 |   0.0 |  2918
          D:15 |       0 |   20201 |   0.0 |       0 |      54 |   0.0 |  2194
        Lair:1 |       0 |    5864 |   0.0 |       0 |      43 |   0.0 |  2879
        Lair:2 |       0 |    3692 |   0.0 |       0 |      11 |   0.0 |  1262
        Lair:3 |       0 |    2565 |   0.0 |       0 |       7 |   0.0 |   966
        Lair:4 |       0 |    7164 |   0.0 |       0 |      33 |   0.0 |  2294
        Lair:5 |       0 |    7351 |   0.0 |       0 |      34 |   0.0 |  2324
        Lair:6 |       0 |   13606 |   0.0 |       0 |      76 |   0.0 |  2307
         Orc:1 |       0 |    4321 |   0.0 |       0 |      18 |   0.0 |   586
         Orc:2 |       0 |    2844 |   0.0 |       0 |      26 |   0.0 |   173
       Abyss:1 |    4315 |    1941 |  69.0 |      10 |       5 |  66.7 |   485
         IceCv |       0 |    3279 |   0.0 |       0 |      11 |   0.0 |  1651
               +---------+---------+-------+---------+---------+-------+---------
